 Dungeon Sprint DCSS version 0.29-a0-1008-g949cc1d0fb (webtiles) character file.

Game seed: 15441021588226217878

1124 wilfster70 the Fighter (level 8, 0/64 HPs)
             Began as a Gargoyle Fighter on Aug 7, 2022.
             Was an Initiate of Gozag.
             Slain by an eight-headed hydra (12 damage)
             ... in the Dungeon (Sprint IX: "|||||||||||||||||||||||||||||").
             The game lasted 00:02:03 (675 turns).

wilfster70 the Fighter (Gargoyle Fighter)            Turns: 675, Time: 00:02:04

Health: 0/64       AC: 21    Str: 24    XL:     8   Next: 35%
Magic:  8/8        EV: 10    Int: 10    God:    Gozag
Gold:   639        SH:  5    Dex:  9    Spells: 7/7 levels left

rFire   . . .      SeeInvis .   a - +2 morningstar (vorpal)
rCold   . . .      Faith    .   c - +0 buckler
rNeg    + . .      Spirit   .   o - +1 chain mail
rPois   ∞          Reflect  .   (no helmet)
rElec   +          Harm     .   n - +0 cloak
rCorr   .          Rampage  .   m - +0 pair of gloves
Will    .....      NoTele   +   (no boots)
Stlth   ..........              (no amulet)
HPRegen 0.20/turn               q - +2 ring of evasion
MPRegen 0.11/turn               p - +3 ring of strength

@: invisible
A: sickness immunity, AC +5, negative energy resistance 1, electricity
resistance, torment resistance 1, petrification resistance
a: Renounce Religion, Potion Petition, Call Merchant, Bribe Branch


You were in the Dungeon.
You worshipped Gozag.
Gozag was pleased with you.
You visited 1 branch You collected 639 gold pieces.

Inventory:

Hand Weapons
 a - a +2 vorpal morningstar (weapon)
Armour
 b - a +0 scale mail
 c - a +0 buckler (worn)
 m - a +0 pair of gloves (worn)
 n - a +0 cloak (worn)
 o - a +1 chain mail (worn)
Jewellery
 p - a +3 ring of strength (right hand)
 q - a +2 ring of evasion (left hand)
Wands
 l - a wand of roots (10)
Scrolls
 j - 2 scrolls of blinking
 k - 2 scrolls of amnesia
Potions
 d - a potion of might
 g - a potion of haste
 h - 4 potions of magic
 i - 3 potions of curing


   Skills:
 * Level 13.7 Fighting
 + Level 8.9 Maces & Flails
 + Level 10.0 Armour
 - Level 6.0 Shields


You had 7 spell levels left.
You didn't know any spells.
Your spell library was empty.

Dungeon Overview and Level Annotations

Branches:
Dungeon (1/1)

Altars:
Cheibriados
Dithmenos
Elyvilon
Fedhas
Gozag
Hepliaklqana
Kikubaaqudgha
Makhleb
Nemelex Xobeh
Okawaru
Qazlal
Ru
Sif Muna
Trog
Uskayaw
Vehumet
Wu Jian
Xom
Yredelemnul
Zin
The Shining One
Jiyva
Lugonu


Innate Abilities, Weirdness & Mutations

You are immune to sickness and miasma.
Your stone body is resilient. (AC +5)
You are immune to poison.
You resist negative energy. (rN+)
You are resistant to electric shocks. (rElec)
You are resistant to unholy torment.
You are immune to petrification.


Message History

The eight-headed hydra bites you but does no damage.
The eight-headed hydra bites you! The eight-headed hydra bites you.
* * * LOW HITPOINT WARNING * * *
The eight-headed hydra bites you but does no damage.
The eight-headed hydra closely misses you.
The eight-headed hydra bites you!
* * * LOW HITPOINT WARNING * * *
You block the eight-headed hydra's attack.
You feel better.
You block the eight-headed hydra's attack.
The eight-headed hydra bites you.
* * * LOW HITPOINT WARNING * * *
The eight-headed hydra bites you but does no damage.
The eight-headed hydra barely misses you.
The eight-headed hydra closely misses you.
The eight-headed hydra barely misses you.
The eight-headed hydra completely misses you.
The eight-headed hydra closely misses you.
You barely miss the eight-headed hydra.
The deep elf pyromancer is distracted by your dazzling golden aura.
The vampire mosquito is distracted by your dazzling golden aura.
The eight-headed hydra closely misses you.
The eight-headed hydra bites you but does no damage.
You block the eight-headed hydra's attack.
The eight-headed hydra bites you but does no damage.
You block the eight-headed hydra's attack.
The eight-headed hydra bites you but does no damage.
The eight-headed hydra barely misses you. x2
The vampire mosquito buzzes angrily.
The deep elf pyromancer shouts!
The vampire mosquito buzzes angrily.
You bludgeon the eight-headed hydra!!
The eight-headed hydra is heavily wounded.
The vampire mosquito is no longer distracted by gold. x2
You barely miss the eight-headed hydra.
The eight-headed hydra is heavily wounded.
The eight-headed hydra bites you but does no damage.
The eight-headed hydra barely misses you.
The eight-headed hydra bites you!
You die...
Your body crumbles into a pile of gold.

▓.▓
▓.▓
▓.▓
▓y▓
▓h▓
▓y▓
▓D▓
$
▓@▓
$
▓.▓
$ $
▓e▓
$
▓.▓
$
▓)▓
$
▓)▓
$
▓)▓
$
▓.▓
$
▓.▓


You could see an eight-headed hydra (unable to see you), a deep elf pyromancer
(unable to see you), 2 vampire mosquitoes and a howler monkey (unable to see
you).

Vanquished Creatures
  A kobold demonologist (D)
  A slime creature (D)
  A wyvern (D)
  A yak (D)
  A water moccasin (D)
  An ogre (D)
  A phantom (D)
  A gnoll sergeant (D)
  A howler monkey (D)
  An iguana (D)
  An orc wizard (D)
  An endoplasm (D)
  2 hobgoblins (D)
  A quokka (D)
  A goblin (D)
  A rat (D)
17 creatures vanquished.

Notes
Turn   | Place    | Note
-------+----------+-------------------------------------------
     0 | D        | wilfster70 the Gargoyle Fighter began the quest for the
                  | Orb.
     0 | D        | Reached XP level 1. HP: 14/14 MP: 1/1
    12 | D        | Reached skill level 4 in Fighting
    81 | D        | Noticed an iguana
    81 | D        | Noticed an ogre
    81 | D        | Noticed a phantom
    81 | D        | Noticed a water moccasin
    87 | D        | Killed a water moccasin
    88 | D        | Reached skill level 7 in Fighting
    88 | D        | Reached skill level 5 in Armour
    88 | D        | Reached skill level 5 in Shields
    88 | D        | Reached XP level 2. HP: 24/24 MP: 2/2
    88 | D        | Reached XP level 3. HP: 28/28 MP: 3/3
    88 | D        | Reached XP level 4. HP: 34/34 MP: 4/4
    96 | D        | Killed a phantom
    97 | D        | Reached skill level 8 in Fighting
    97 | D        | Reached skill level 5 in Maces & Flails
    97 | D        | Reached XP level 5. HP: 36/40 MP: 5/5
   104 | D        | HP: 1/40 [ogre/+0 giant club (6)]
   107 | D        | Killed an ogre
   108 | D        | Reached skill level 9 in Fighting
   108 | D        | Reached XP level 6. HP: 13/48 MP: 6/6
   111 | D        | Reached skill level 10 in Fighting
   316 | D        | Found a snail-covered altar of Cheibriados.
   316 | D        | Found a shadowy altar of Dithmenos.
   316 | D        | Found a white marble altar of Elyvilon.
   316 | D        | Found a blossoming altar of Fedhas.
   316 | D        | Found an opulent altar of Gozag.
   317 | D        | Found a hazy altar of Hepliaklqana.
   318 | D        | Found a viscous altar of Jiyva.
   319 | D        | Found an ancient bone altar of Kikubaaqudgha.
   320 | D        | Found a corrupted altar of Lugonu.
   321 | D        | Found a burning altar of Makhleb.
   322 | D        | Found a sparkling altar of Nemelex Xobeh.
   323 | D        | Found an iron altar of Okawaru.
   324 | D        | Became a worshipper of Gozag Ym Sagoz the Greedy
   325 | D        | Found a stormy altar of Qazlal.
   326 | D        | Found a sacrificial altar of Ru.
   327 | D        | Found a shimmering blue altar of Sif Muna.
   328 | D        | Found a bloodstained altar of Trog.
   329 | D        | Found a hide-covered altar of Uskayaw.
   330 | D        | Found a radiant altar of Vehumet.
   331 | D        | Found an ornate altar of the Wu Jian Council.
   332 | D        | Found a shimmering altar of Xom.
   333 | D        | Found a basalt altar of Yredelemnul.
   334 | D        | Found a glowing silver altar of Zin.
   335 | D        | Found a glowing golden altar of the Shining One.
   389 | D        | Noticed a wyvern
   389 | D        | Noticed a kobold demonologist
   389 | D        | Noticed a yak
   393 | D        | Killed a yak
   394 | D        | Reached skill level 11 in Fighting
   394 | D        | Reached XP level 7. HP: 27/54 MP: 7/7
   403 | D        | Noticed a chaos spawn
   403 | D        | Killed a kobold demonologist
   404 | D        | Reached skill level 12 in Fighting
   419 | D        | Killed a wyvern
   420 | D        | Reached skill level 13 in Fighting
   420 | D        | Reached XP level 8. HP: 17/63 MP: 8/8
   658 | D        | Noticed a deep elf pyromancer
   658 | D        | Noticed an eight-headed hydra
   658 | D        | Noticed a slime creature
   665 | D        | Killed a slime creature
   666 | D        | Reached skill level 10 in Armour
   675 | D        | Slain by an eight-headed hydra

Illustrated notes

Levels and vault maps discovered:
D:        linesprint [early_d, line_temple, items_1, d_10, items_2, lair_1,
          lair_end, items_3, orc_1, orc_end, items_4, d_15, swamp_1, shoals_1,
          snake_1, spider_1, d_20, vaults_1, items_5, swamp_end, shoals_end,
          snake_end, spider_end, vaults_end, d_27, items_6, zot_1, zot_end,
          crypt_end, forest_end, elf_end, slime_end, tomb_end, abyss_end,
          pan_hell_end]

Skill      XL: |  1  2  3  4  5  6  7  8 |
---------------+-------------------------+-----
Fighting       | 7 8 9 11 13 | 13.7
Maces & Flails | 4 5 6 7 8 |  8.9
Armour         | 5 6 7 8 9 10 | 10.0
Shields        | 5 6 |  6.0

Action                   |  1- 3 |  4- 6 |  7- 9 || total
-------------------------+-------+-------+-------++-------
Melee: Flail             |    17 |    20 |       ||    37
       Morningstar       |       |     4 |    37 ||    41
  Use: Potion            |     1 |     2 |     4 ||     7
Armor: Scale mail        |     8 |     4 |       ||    12
       Chain mail        |       |     1 |    44 ||    45
Dodge: Dodged            |     7 |     9 |    40 ||    56
Block: Buckler           |     2 |     5 |    14 ||    21

Table legend: (Time is in decaauts)
 A = Elapsed time spent in this place.
 B = Non-inter-level travel time spent in this place.
 C = Inter-level travel time spent in this place.
 D = Time resting spent in this place.
 E = Time spent auto-exploring this place.
 F = Levels seen in this place.
 G = Mean time per level.
                   A        B        C        D        E       F      G
               +--------+--------+--------+--------+--------+-----+--------+
         Total |    697 |    697 |      0 |    486 |      0 |   1 |  697.0 |
       Dungeon |    697 |    697 |      0 |    486 |      0 |   1 |  697.0 |
               +--------+--------+--------+--------+--------+-----+--------+

Top non-repeatable levels by time:
       D: 697 daAuts
